[Event "Team 45 45 League T33"]
[Site "Internet Chess Club"]
[Date "2007.06.07"]
[Round "8"]
[White "ddlj81"]
[Black "siddhu"]
[Result "1-0"]
[WhiteElo "2008"]
[BlackElo "1800"]
[ECO "C67"]
[TimeControl "2700+45"]

1. e4 e5 2. Nf3 Nc6 3. Bb5 Nf6 4. O-O Nxe4 5. d4 Nd6 6. Bxc6 dxc6 7. dxe5 Nf5 8.
Qxd8+ Kxd8 9. Nc3 Ne7 10. Ne4 Bf5 11. Re1 Nd5 12. Neg5 Ke8 13. e6 Bxe6 14. Nxe6
fxe6 15. Rxe6+ Kd7 16. Re1 Bd6 17. Bg5 h6 18. Bh4 Rae8 19. Nd4 Rxe1+ 20. Rxe1
Re8 21. Rxe8 Kxe8 22. a3 Be5 23. c3 Bxd4 24. cxd4 Nf4 25. Kf1 Kd7 26. Bg3 Nd3
27. b4 Nb2 28. Ke2 Nc4 29. a4 Nb6 30. Be5 g6 31. Bf4 h5 32. a5 Nd5 33. Bd2 b5
34. Kd3 Ke6 35. Ke4 Ne7 36. f3 Nf5 37. g4 hxg4 38. fxg4 Nd6+ 39. Kf4 Kd5 40. h4
a6 41. Kg5 Kxd4 42. Kxg6 Ke5 43. h5 Ne4 44. h6 Nf6 45. g5 Nd7 {Black resigns}
1-0

[Event "Team 45 45 League T33"]
[Site "Internet Chess Club"]
[Date "2007.06.06"]
[Round "8"]
[White "bmw2002"]
[Black "Grenadier"]
[Result "1-0"]
[WhiteElo "1726"]
[BlackElo "1806"]
[ECO "A11"]
[TimeControl "2700+45"]

1. c4 c6 2. g3 d5 3. cxd5 cxd5 4. Bg2 Nf6 5. Nc3 e6 6. Nf3 Bd6 7. O-O O-O 8. d3
Nbd7 9. Be3 b6 10. Rc1 Bb7 11. Nb5 Be7 12. Bf4 a6 13. Nd6 Nc5 14. Nxb7 Nxb7 15.
Bc7 Qd7 16. Bxb6 Rfc8 17. Qd2 Rc6 18. Ne5 Rxb6 19. Nxd7 Nxd7 20. Rc7 Bb4 21. Qc2
Nf6 22. Rc8+ Rxc8 23. Qxc8+ Bf8 24. b3 Rb5 25. Rc1 h5 26. Rc7 Nc5 27. Ra7 a5 28.
Qc7 Ncd7 29. Rxa5 Rb6 30. Qc2 g6 31. Ra8 Kg7 32. a3 Ng4 33. Qc3+ Ngf6 34. b4 Kh7
35. Rxf8 Nxf8 36. Qxf6 Kg8 37. Qc3 {Black resigns} 1-0

[Event "Team 45 45 League T33"]
[Site "Internet Chess Club"]
[Date "2007.06.12"]
[Round "8"]
[White "fredd"]
[Black "Sean"]
[Result "1/2-1/2"]
[WhiteElo "1577"]
[BlackElo "1668"]
[ECO "E97"]
[TimeControl "2700+45"]

1. d4 Nf6 2. c4 g6 3. Nc3 Bg7 4. e4 d6 5. Nf3 O-O 6. Be2 e5 7. O-O Nc6 8. Be3
Ng4 9. Bg5 Qe8 10. Nd5 Qd7 11. h3 f6 12. Bc1 Nh6 13. Bxh6 Bxh6 14. dxe5 fxe5 15.
h4 Ne7 16. Ng5 Qd8 17. Bg4 Bxg5 18. hxg5 Nxd5 19. Qxd5+ Kg7 20. Bxc8 Qxc8 21.
Rad1 b6 22. b4 Qg4 23. c5 Qxg5 24. cxd6 cxd6 25. Qb7+ Kh6 26. Rd3 Qf6 27. Rh3+
Kg5 28. Qxh7 Rh8 29. Rg3+ Kf4 30. Rf3+ Kg5 31. Qd7 Qd8 32. Rg3+ Kf6 33. Qg4 Rh6
34. f4 exf4 35. Qxf4+ Kg7 36. Qf7+ Kh8 37. Rxg6 Rxg6 38. Qxg6 Qh4 39. Qxd6 Qxe4
40. Qh6+ Kg8 41. Qg5+ Kh8 42. Qh5+ Kg8 43. Qf3 Qd4+ 44. Rf2 Rd8 45. Kh2 Qh4+ 46.
Kg1 Qd4 47. Qf7+ Kh8 48. Qf6+ Qxf6 49. Rxf6 Rd2 50. Rf2 Rd4 51. a3 Rd3 52. Rf3
Rd7 53. g4 Kg7 54. Kg2 Kg6 55. Kg3 Rd5 56. Re3 Kg5 57. Rf3 Rd4 58. Rf5+ Kg6 59.
Kh4 Rd3 60. Rg5+ Kh6 61. a4 Rd4 62. Rb5 Rd1 63. a5 bxa5 64. Rxa5 Rb1 65. b5 Rh1+
66. Kg3 Rb1 67. Kf4 Rb4+ 68. Kf5 Kg7 69. Rxa7+ Kf8 70. Rb7 Ke8 71. g5 Rb1 72.
Kg6 Kf8 73. Rb8+ Ke7 74. Kg7 Kd7 75. g6 Kc7 76. Rf8 Rxb5 77. Rf7+ Kd8 78. Kf8
Re5 79. Kg7 Ke8 80. Kf6 Re1 81. Kg7 Rg1 82. Rf4 Rg2 83. Kh6 Rh2+ 84. Kg5 Rg2+
85. Rg4 Rxg4+ 86. Kxg4 Kf8 87. Kf4 Kg7 88. Kg5 Kg8 89. Kf5 Kg7 90. Kg5 {Game
drawn by mutual agreement} 1/2-1/2

[Event "Team 45 45 League T33"]
[Site "Internet Chess Club"]
[Date "2007.06.10"]
[Round "8"]
[White "allanchs"]
[Black "Zyme"]
[Result "0-1"]
[WhiteElo "1585"]
[BlackElo "1441"]
[ECO "C03"]
[TimeControl "2700+45"]

1. e4 e6 2. d4 d5 3. Nd2 Be7 4. Bd3 c5 5. exd5 Qxd5 6. Ndf3 cxd4 7. Ne2 e5 8. c4
Qc5 9. Qc2 Nc6 10. O-O Nb4 11. Qd2 Nxd3 12. Qxd3 Be6 13. b3 Nf6 14. Ng3 Nd7 15.
Re1 O-O-O 16. Ng5 Bxg5 17. Bxg5 f6 18. Bd2 h5 19. Nf5 e4 20. Qxd4 Bxf5 {White
resigns} 0-1

[Event "Team 45 45 League T33"]
[Site "Internet Chess Club"]
[Date "2007.06.10"]
[Round "8"]
[White "BrerRabbit"]
[Black "MathWorker"]
[Result "1-0"]
[WhiteElo "1583"]
[BlackElo "1541"]
[ECO "A80"]
[TimeControl "2700+45"]

1. d4 f5 2. Nc3 Nf6 3. Bg5 g6 4. h4 Bg7 5. h5 Nxh5 6. Rxh5 gxh5 7. e4 fxe4 8.
Qxh5+ Kf8 9. O-O-O c6 10. Nxe4 d5 11. Nc3 Qe8 12. Qh2 Qg6 13. Bf4 Nd7 14. Bd3
Qf7 15. Nf3 h6 16. Ne2 b6 17. Nh4 Ke8 18. Bg6 Qxg6 19. Nxg6 Rg8 20. Ne5 Nxe5 21.
Bxe5 Ba6 22. Re1 Kd7 23. Qh3+ e6 24. Bxg7 Rxg7 25. Nf4 {Black resigns} 1-0

[Event "Team 45 45 League T33"]
[Site "Internet Chess Club"]
[Date "2007.06.10"]
[Round "8"]
[White "ChicoKid"]
[Black "rubashov"]
[Result "1-0"]
[WhiteElo "1875"]
[BlackElo "1610"]
[ECO "A46"]
[TimeControl "2700+45"]

1. d4 Nf6 2. Nf3 e6 3. Bg5 d5 4. e3 Be7 5. Bd3 O-O 6. Nbd2 Nbd7 7. O-O b6 8. c4
Bb7 9. Qc2 h6 10. Bf4 c5 11. b3 Rc8 12. Rac1 cxd4 13. exd4 Re8 14. Qb1 Nf8 15.
h3 Bd6 16. Bxd6 Qxd6 17. Rfe1 N6d7 18. Qb2 Nb8 19. cxd5 Bxd5 20. Nc4 Bxc4 21.
bxc4 Nfd7 22. Qd2 Qe7 23. a4 Nc6 24. d5 Qb4 25. dxc6 Qxd2 26. Nxd2 Rxc6 27. Nb3
Kf8 28. a5 Rd8 29. Be4 Rc7 30. axb6 Nxb6 31. c5 Nd5 32. Rcd1 Rb8 33. Bxd5 exd5
34. Rxd5 Re7 35. Rxe7 Kxe7 36. Rd3 {Black resigns} 1-0

[Event "Team 45 45 League T33"]
[Site "Internet Chess Club"]
[Date "2007.06.09"]
[Round "8"]
[White "OOB1"]
[Black "GadsHill"]
[Result "0-1"]
[WhiteElo "1561"]
[BlackElo "1637"]
[ECO "B07"]
[TimeControl "2700+45"]

1. e4 d6 2. d4 Nf6 3. Nc3 Nbd7 4. e5 dxe5 5. dxe5 Nxe5 6. Qxd8+ Kxd8 7. Bf4 Ng6
8. O-O-O+ Bd7 9. Bg3 c6 10. Nf3 Kc8 11. h3 e6 12. Bd3 Bb4 13. Ne4 Nxe4 14. Bxe4
f6 15. a3 Ba5 16. h4 Bc7 17. Bxc7 Kxc7 18. g3 Rad8 19. Rhe1 Ne7 20. Bd3 Nd5 21.
c4 Nb6 22. b3 e5 23. Bc2 h6 24. Rd2 Bg4 25. Ng1 Rxd2 26. Kxd2 Rd8+ 27. Ke3 Nd7
28. f3 Bh5 29. g4 Bf7 30. Nh3 Nc5 31. b4 Ne6 32. f4 Nd4 33. Bd3 Bxc4 34. Bxc4
Nc2+ 35. Kf2 Nxe1 36. Kxe1 Rd4 37. Bf7 exf4 38. Bg6 Kd6 39. Ke2 Ke5 40. Nf2 Ke6
41. Nd3 f3+ 42. Kxf3 b6 43. Nf4+ Ke5 44. Nh5 Rd7 45. Ke3 c5 46. bxc5 bxc5 47. a4
c4 48. Ng3 Rd4 49. Bf5 c3 50. Ne2 Rxa4 51. Nxc3 Ra3 52. Kd2 h5 53. Bd7 hxg4 54.
Bxg4 f5 55. Bd1 Ra5 56. h5 Kf4 57. Ne2+ Kg5 58. Nd4 Ra2+ 59. Kc3 Kf6 60. Nc2 Ra6
61. Nb4 Rd6 62. Bf3 Kg5 63. Nd3 Rh6 64. Ne5 Rxh5 65. Bxh5 Kxh5 66. Nc6 a6 67.
Nb4 a5 68. Nd5 Kg4 69. Kb3 g5 70. Ka4 f4 71. Kxa5 f3 72. Kb4 Kg3 73. Kc3 Kf2 74.
Kd3 g4 75. Ne3 g3 76. Nd1+ Ke1 77. Ne3 g2 78. Ke4 g1=Q 79. Kxf3 Qf2+ 80. Ke4 Ke2
81. Nc4 Qf3+ 82. Kd4 Qf5 83. Kc3 Qc5 84. Kb3 Kd3 85. Nb2+ Kd4 86. Na4 Qc4+ 87.
Ka3 Qb5 88. Nb2 Kc3 89. Na4+ Kc2 {White resigns} 0-1

[Event "Team 45 45 League T33"]
[Site "Internet Chess Club"]
[Date "2007.06.10"]
[Round "8"]
[White "Cantemir"]
[Black "Mfalme"]
[Result "0-1"]
[WhiteElo "1581"]
[BlackElo "1342"]
[ECO "A02"]
[TimeControl "2700+45"]

1. f4 Nf6 2. Nf3 e6 3. c4 c5 4. Nc3 d5 5. d4 Qa5 6. Bd2 Qb6 7. b3 Bd7 8. e3 Bd6
9. Ne5 cxd4 10. Nxd7 Nbxd7 11. Na4 Qc7 12. exd4 Bxf4 13. cxd5 Nxd5 14. Bb5 Bxh2
15. Bxd7+ Kxd7 16. Nc5+ Ke8 17. Ne4 Bg3+ 18. Nf2 Bxf2+ 19. Kxf2 Nf6 20. Qf3 Rd8
21. Rac1 Qb6 22. Rhe1 Qxd4+ 23. Be3 Ng4+ 24. Kg3 Nxe3 25. Rxe3 Qd6+ 26. Kh3 b6
27. Qb7 Qb8 28. Qc6+ Ke7 29. g4 Rc8 30. Qa4 Rxc1 31. Qa3+ Rc5 32. Qb2 f6 33. b4
Rg5 34. Qb3 Qd6 35. Rd3 Rd5 36. Re3 Rd8 37. Qc2 Rd3 38. Kh4 Rxe3 39. Qg2 g5+ 40.
Kh5 Qg3 41. Qxg3 Rxg3 42. Kh6 Rh3+ 43. Kg7 e5 44. a4 Rf8 45. a5 bxa5 46. bxa5 h5
47. gxh5 Rxh5 48. a6 Rh4 49. Kg6 Rf4 50. Kh5 Ke6 51. Kg6 Rh4 52. Kg7 Rhh8 53.
Kg6 Rfg8# {White checkmated} 0-1

[Event "Team 45 45 League T33"]
[Site "Internet Chess Club"]
[Date "2007.06.09"]
[Round "8"]
[White "Warpdrive"]
[Black "lmadueno"]
[Result "1-0"]
[WhiteElo "1626"]
[BlackElo "1643"]
[ECO "B56"]
[TimeControl "2700+45"]

1. e4 c5 2. Nf3 Nc6 3. d4 cxd4 4. Nxd4 d6 5. Nc3 Nf6 6. Nxc6 bxc6 7. Bc4 e5 8.
Be3 Be7 9. O-O O-O 10. Qd3 Bb7 11. Rad1 d5 12. exd5 cxd5 13. Bxd5 Nxd5 14. Nxd5
a5 15. c4 Bg5 16. Qa3 Bxe3 17. Ne7+ Kh8 18. Rxd8 Raxd8 19. fxe3 e4 20. Qxa5 Rd7
21. Qb4 Re8 22. Rxf7 Rd1+ 23. Kf2 Ba8 24. Qc3 {Black resigns} 1-0

[Event "Team 45 45 League T33"]
[Site "Internet Chess Club"]
[Date "2007.06.09"]
[Round "8"]
[White "stakastra"]
[Black "CoronelCintra"]
[Result "0-1"]
[WhiteElo "1579"]
[BlackElo "1899"]
[ECO "D10"]
[TimeControl "2700+45"]

1. d4 d5 2. c4 c6 3. g3 dxc4 4. Nc3 Nf6 5. Bg2 Bf5 6. Nf3 Nbd7 7. O-O e6 8. Re1
Bb4 9. a3 Bxc3 10. bxc3 Qa5 11. Bb2 O-O 12. Nd2 Qb5 13. Rb1 Bxb1 14. Qxb1 Nb6
15. e4 Na4 16. Ba1 Qxb1 17. Rxb1 b5 18. d5 exd5 19. exd5 Nxd5 20. Bxd5 cxd5 21.
Rxb5 Rfe8 22. Kf1 Nb6 23. Nf3 Rab8 24. Nd4 Nd7 25. Rxd5 Rb1+ 26. Kg2 Nf6 27. Rc5
Rxa1 28. Rxc4 Rxa3 29. Nc6 a5 {White resigns} 0-1

[Event "Team 45 45 League T33"]
[Site "Internet Chess Club"]
[Date "2007.06.12"]
[Round "8"]
[White "DenisLewis"]
[Black "AntonioMendonca"]
[Result "0-1"]
[WhiteElo "1577"]
[BlackElo "1639"]
[ECO "A53"]
[TimeControl "2700+45"]

1. d4 Nf6 2. c4 d6 3. Nc3 e5 4. d5 g6 5. e4 Bg7 6. Bd3 O-O 7. Nge2 a5 8. a3 Bd7
9. O-O Na6 10. h3 Nc5 11. Bc2 Kh8 12. Be3 Na6 13. Ba4 Bc8 14. Qd2 Ng8 15. Bg5
Bf6 16. Be3 Bg7 17. Nb5 f5 18. exf5 gxf5 19. f4 b6 20. Rab1 Ne7 21. fxe5 Bxe5
22. Bg5 Rg8 23. Bc2 Qf8 24. Bxe7 Qxe7 25. Bxf5 Bxf5 26. Rxf5 Qh4 27. b3 Qxh3 28.
Rf2 Qh2+ 29. Kf1 Raf8 {White forfeits on time} 0-1

[Event "Team 45 45 League T33"]
[Site "Internet Chess Club"]
[Date "2007.06.11"]
[Round "8"]
[White "AlekLondon"]
[Black "Ghashgork"]
[Result "1/2-1/2"]
[WhiteElo "1404"]
[BlackElo "1679"]
[ECO "D30"]
[TimeControl "2700+45"]

1. d4 d5 2. c4 e6 3. Bf4 c6 4. e3 Nf6 5. Nc3 Bb4 6. Bd3 dxc4 7. Bxc4 Nd5 8. Ne2
Nxf4 9. Nxf4 Qg5 10. Qh5 Qxh5 11. Nxh5 O-O 12. a3 Bd6 13. Ne4 Bc7 14. Bd3 h6 15.
g4 e5 16. g5 hxg5 17. Nxg5 g6 18. Rg1 Kh8 19. Nf6 Kg7 20. Nh5+ Kh6 21. Nf6 Bd8
22. Nxf7+ Kg7 23. Nxd8 Kxf6 24. dxe5+ Ke7 25. Nxb7 Bxb7 26. Rxg6 Nd7 27. f4 Rg8
28. h4 Rxg6 29. Bxg6 Rg8 30. h5 Nf8 31. f5 Nxg6 32. hxg6 c5 33. Kf2 Be4 34. f6+
Ke6 35. g7 Bd5 36. Rd1 Kxe5 37. Rxd5+ Kxf6 38. Rd7 a5 39. Kf3 Re8 40. Kf4 Kg6
41. e4 Kh7 42. e5 Rb8 43. Rc7 Rxb2 44. Rxc5 Kxg7 45. Rxa5 Kf7 46. Ra6 Ke7 47.
Ra7+ Ke6 48. Ra6+ Ke7 49. Ke4 Re2+ 50. Kd5 Rd2+ 51. Ke4 Re2+ 52. Kd3 Rxe5 53.
Ra4 Kd6 54. Ra6+ Kc7 55. Ra4 Kb6 56. Kc3 Ra5 57. Rb4+ Rb5 58. a4 Rxb4 59. Kxb4
Ka6 60. a5 Kb7 61. Kb5 Ka7 62. a6 Ka8 63. Kb6 Kb8 64. Kb5 Ka7 65. Ka5 Ka8 66.
Kb6 Kb8 67. a7+ Ka8 {Game drawn by mutual agreement} 1/2-1/2

[Event "Team 45 45 League T33"]
[Site "Internet Chess Club"]
[Date "2007.06.08"]
[Round "8"]
[White "tryanything"]
[Black "TrickyBishop"]
[Result "0-1"]
[WhiteElo "1662"]
[BlackElo "1651"]
[ECO "B23"]
[TimeControl "2700+45"]

1. e4 c5 2. Nc3 d6 3. g3 Nf6 4. Bg2 e6 5. Nge2 Nc6 6. O-O Be7 7. d3 a6 8. b3 Qc7
9. Bb2 O-O 10. f4 e5 11. Nd5 Nxd5 12. exd5 Nd4 13. c3 Nxe2+ 14. Qxe2 exf4 15.
Rxf4 Bf6 16. c4 Bxb2 17. Qxb2 Bd7 18. Raf1 Rae8 19. Be4 g6 20. Qf6 Bh3 21. R1f2
Qe7 22. Rh4 Bc8 23. Rff4 Qe5 24. Qxe5 Rxe5 25. Rf6 Rd8 26. Rhf4 Re7 27. h4 Kg7
28. Kf2 h6 29. Kg2 g5 30. hxg5 hxg5 31. Rf2 Bg4 32. Rf1 Rh8 33. R1f2 Rd7 34. Kg1
Rh3 35. Kg2 Rh8 36. Bf5 Bxf5 37. R2xf5 g4 38. Rf2 Re8 39. R6f4 Re3 40. Rxg4+ Kf8
41. Rgf4 Rxd3 42. g4 b5 43. cxb5 axb5 44. Rf5 c4 45. bxc4 bxc4 46. Rc2 c3 47.
Rff2 Rc7 48. a4 Rxd5 49. Kg3 Ra5 50. Rf3 Rxa4 51. Rfxc3 Rxc3+ 52. Rxc3 Ke7 53.
Rc7+ Ke6 54. Rc3 d5 55. Re3+ Kd6 56. Rf3 Ke6 57. Re3+ Kf6 58. Rf3+ Kg6 59. Rf5
Rd4 60. Kf3 f6 61. Kg3 Rd1 62. Kg2 d4 63. Rd5 Kf7 64. Kf3 Ke6 65. Rd8 d3 66. Ke3
Ke5 67. Rd7 Rg1 68. Rxd3 Rg3+ 69. Ke2 Rxd3 70. Kxd3 Kf4 {White resigns} 0-1

[Event "Team 45 45 League T33"]
[Site "Internet Chess Club"]
[Date "2007.06.09"]
[Round "8"]
[White "Theodulf"]
[Black "FiendAngelical"]
[Result "0-1"]
[WhiteElo "1686"]
[BlackElo "1789"]
[ECO "B22"]
[TimeControl "2700+45"]

1. e4 c5 2. c3 d5 3. exd5 Qxd5 4. d4 Nf6 5. Nf3 Bg4 6. Be2 e6 7. h3 Bh5 8. Be3
cxd4 9. cxd4 Nc6 10. Nc3 Qd6 11. O-O Be7 12. a3 O-O 13. Rc1 Rfd8 14. Nb5 Qb8 15.
Ne5 Bxe2 16. Qxe2 Nxe5 17. dxe5 Qxe5 18. Rfd1 Nd5 19. Nc3 Nxe3 20. Rxd8+ Rxd8
21. fxe3 Bc5 22. Kh1 Qxe3 23. Rd1 Rxd1+ 24. Qxd1 Qd4 25. Qc1 h6 26. b4 Qe3 27.
Qxe3 Bxe3 28. Nb5 f5 29. Nd6 b6 30. a4 Kf8 31. Nc8 a5 32. bxa5 bxa5 33. Nd6 Bd4
34. Nc4 Bc3 35. g3 Ke7 36. Kg2 g5 37. Kf3 e5 38. Ke2 e4 39. g4 f4 40. Kd1 Ke6
41. Kc2 Bb4 42. Nb6 f3 43. Kd1 Ke5 {White resigns} 0-1

[Event "Team 45 45 League T33"]
[Site "Internet Chess Club"]
[Date "2007.06.10"]
[Round "8"]
[White "Lazerpawn"]
[Black "OldBoy"]
[Result "1-0"]
[WhiteElo "1701"]
[BlackElo "1649"]
[ECO "C30"]
[TimeControl "2700+45"]

1. e4 e5 2. f4 Nc6 3. Nf3 d6 4. Bb5 Bd7 5. Nc3 Nf6 6. O-O Be7 7. d3 O-O 8. Bxc6
Bxc6 9. fxe5 dxe5 10. Kh1 Qd6 11. Ne2 Rad8 12. Qe1 Qc5 13. Qc3 Ng4 14. Qxc5 Bxc5
15. h3 Ne3 16. Bxe3 Bxe3 17. Nxe5 Ba4 18. b3 Be8 19. Rf3 Bh6 20. Raf1 f6 21. h4
Bh5 22. g4 fxe5 23. gxh5 Rxf3 24. Rxf3 Rf8 25. Rxf8+ Kxf8 26. d4 Be3 27. dxe5
Bf2 28. Kg2 Bxh4 29. Nd4 Bd8 30. Kf3 Ke7 31. Kf4 g6 32. hxg6 hxg6 33. Nf3 Ke6
34. c4 c5 35. Ne1 g5+ 36. Ke3 Bc7 37. Nf3 g4 38. Ne1 Bxe5 39. Nd3 g3 40. Kf3 b6
41. a4 Bd6 42. Kg2 Be5 43. a5 Bd6 44. a6 Be5 45. Kf3 Kd6 46. Kg2 Ke6 47. Kf3 Kf6
48. Kg2 Bd6 49. Kf3 Be5 50. Kg2 Ke6 51. Nxe5 Kxe5 52. Kxg3 Kxe4 53. Kg4 Kd3 54.
Kf4 Kc3 55. Ke4 Kxb3 56. Kd5 Kb4 57. Kc6 Ka5 58. Kb7 b5 59. Kxa7 b4 60. Kb7 b3
61. a7 b2 62. a8=Q+ Kb4 63. Qa2 Kc3 64. Qb1 {Black resigns} 1-0

[Event "Team 45 45 League T33"]
[Site "Internet Chess Club"]
[Date "2007.06.10"]
[Round "8"]
[White "Invicta-Knight"]
[Black "Chessadelic"]
[Result "0-1"]
[WhiteElo "1503"]
[BlackElo "1425"]
[ECO "B23"]
[TimeControl "2700+45"]

1. e4 c5 2. Nc3 Nc6 3. f4 e6 4. Nf3 Nf6 5. Bb5 Be7 6. O-O O-O 7. d4 cxd4 8. Nxd4
Bc5 9. Be3 Nxd4 10. Bxd4 Qb6 11. Bxc5 Qxc5+ 12. Kh1 Nxe4 13. Nxe4 Qxb5 14. Qd4
d5 15. Ng3 Bd7 16. Rf3 f6 17. Nf1 Qb6 18. Qxb6 axb6 19. Rb3 b5 20. a3 Rfc8 21.
Rc1 e5 22. fxe5 fxe5 23. Ne3 d4 24. Nd5 Rc5 25. Nb6 Rd8 26. Nxd7 Rxd7 27. Rd3 e4
28. Rdd1 e3 29. Re1 Re7 30. Kg1 e2 31. Kf2 Rf5+ 32. Kg1 Kf7 33. g4 Rf6 34. Kg2
Kg6 35. h4 Re3 36. Rg1 Rf4 37. Kh2 Rf2+ 38. Rg2 Rxg2+ 39. Kxg2 e1=Q {White
resigns} 0-1

[Event "Team 45 45 League T33"]
[Site "Internet Chess Club"]
[Date "2007.06.10"]
[Round "8"]
[White "gessie7"]
[Black "Mississippian"]
[Result "1-0"]
[WhiteElo "1416"]
[BlackElo "1435"]
[ECO "B08"]
[TimeControl "2700+45"]

1. e4 d6 2. Nf3 Nf6 3. Nc3 g6 4. d4 Bg7 5. Bd3 O-O 6. Be3 Nbd7 7. Qd2 Re8 8. h3
c6 9. Bh6 Bh8 10. g4 e5 11. O-O-O b5 12. g5 Nh5 13. d5 Nf4 14. dxc6 b4 15. cxd7
bxc3 16. dxe8=Q+ Qxe8 17. Qxc3 d5 18. Qa5 Bd7 19. exd5 e4 20. Rhe1 Nxd3+ 21.
cxd3 Qc8+ 22. Kb1 exd3 23. Qd2 Qb7 24. Ne5 Bf5 25. Nc6 Qxb2+ 26. Qxb2 d2+ 27.
Qc2 Bxc2+ 28. Kxc2 dxe1=N+ 29. Rxe1 f5 30. Ne7+ Kf7 31. Nc6 Kg8 32. Re7 a5 33.
Ra7 Rxa7 34. Nxa7 Bd4 35. Nc6 Bxf2 36. Nxa5 Kf7 37. d6 Ke8 38. Nc4 Bc5 39. a4 f4
40. Kd1 f3 41. a5 Bb4 42. a6 Bc5 43. Bg7 Ba7 44. Be5 f2 45. Ke2 Kd7 46. Bg3
f1=Q+ 47. Kxf1 Bb8 48. Ke2 Ba7 49. Kd3 Ke6 50. Ke4 Bc5 51. Be5 Ba7 52. Bd4 Bb8
53. Bc5 Kd7 54. Kd5 Kd8 55. Ke6 Ke8 56. d7+ Kd8 57. Bb6+ Bc7 58. a7 Bxb6 {Black
resigns} 1-0

[Event "Team 45 45 League T33"]
[Site "Internet Chess Club"]
[Date "2007.06.08"]
[Round "8"]
[White "wekabird"]
[Black "Midwest-Rook"]
[Result "0-1"]
[WhiteElo "1259"]
[BlackElo "1336"]
[ECO "A17"]
[TimeControl "2700+45"]

1. c4 Nf6 2. Nc3 e6 3. a3 d5 4. cxd5 exd5 5. d4 b6 6. Nf3 Bb7 7. b4 a6 8. g3 Bd6
9. Bg2 O-O 10. O-O h6 11. h3 Nbd7 12. Bb2 b5 13. Nh4 Re8 14. Nf5 Nf8 15. Nxd6
Qxd6 16. Bc1 Nh5 17. e4 c6 18. Qxh5 Qg6 19. Qxg6 Nxg6 20. exd5 cxd5 21. Bxd5
Bxd5 22. Nxd5 Red8 23. Nc7 Ra7 24. Nxa6 Rxa6 25. Be3 Ne7 26. Rfc1 Nf5 27. Rd1
Rad6 28. a4 bxa4 29. Rxa4 Nxd4 30. b5 Nf3+ 31. Kg2 Nh4+ 32. gxh4 Rxd1 33. b6 Rb8
34. Rb4 Rb7 35. Kf3 Kf8 36. Ke2 Ra1 37. Rc4 Ke8 38. Rc8+ Kd7 39. Rc2 f6 40. Rd2+
Kc6 41. Bd4 Ra4 42. Rc2+ Kd7 43. Ke3 Ra3+ 44. Rc3 Rxc3+ 45. Bxc3 Rxb6 46. Kf4
Rb3 47. Be1 Rxh3 48. f3 Rh1 49. Bg3 Ke6 50. Kg4 g6 51. Kf4 g5+ 52. hxg5 hxg5+
53. Ke3 Rh3 54. Kf2 f5 55. Kg2 Rh7 56. Bf2 Kd5 57. Kg3 f4+ 58. Kg4 Rh2 59. Bb6
Rg2+ 60. Kf5 Kd6 61. Bd8 Rf2 62. Bxg5 Rxf3 63. Bxf4+ Ke7 64. Kg4 Rf1 65. Kg3 Ke6
66. Bb8 Kf5 67. Kg2 Rb1 68. Bg3 Kg4 69. Kf2 Rb2+ 70. Ke3 Kxg3 71. Ke4 Rb3 72.
Ke5 Rb4 73. Ke6 Rb5 74. Kd6 Kf4 75. Kc6 Rh5 76. Kb6 Ke4 77. Kc6 Kd4 78. Kd6 Rh6+
79. Ke7 Kd5 80. Kf7 Ra6 81. Kg7 Ke5 82. Kf7 Kf5 83. Kg7 Rb6 {White resigns} 0-1

[Event "Team 45 45 League T33"]
[Site "Internet Chess Club"]
[Date "2007.06.10"]
[Round "8"]
[White "markev"]
[Black "Riddari"]
[Result "1-0"]
[WhiteElo "1383"]
[BlackElo "1286"]
[ECO "D00"]
[TimeControl "2700+45"]

1. d4 d5 2. e3 Nf6 3. Bd3 e6 4. Nd2 a6 5. f4 Nc6 6. c3 Be7 7. Ngf3 b5 8. O-O Ng4
9. Qe2 f6 10. h3 Nh6 11. Ne1 e5 12. Qh5+ Nf7 13. Nef3 e4 14. Nxe4 dxe4 15. Bxe4
Qd7 16. Bd5 g6 17. Bxf7+ Kxf7 18. Qh4 Bb7 19. Bd2 Na5 20. Ne1 Nc4 21. Bc1 Nd6
22. Nd3 Ne4 23. Kh2 Qd5 24. f5 Ng5 25. Nf4 Bd6 26. Rf2 Bxf4+ 27. Qxf4 Qd6 28.
Qxd6 cxd6 29. Bd2 Ne4 30. Re2 Nxd2 31. Rxd2 Be4 32. g4 gxf5 33. gxf5 Bxf5 34.
Rf2 Bd3 35. Rd1 Be4 36. Rdf1 f5 37. Rf4 Ke6 38. Rh4 Rhg8 39. Rh6+ Kd5 40. Rf2
Ra7 41. b3 Rag7 42. c4+ bxc4 43. bxc4+ Kc6 44. c5 Kb5 45. Rb2+ Kc4 46. h4 Rg2+
47. Rxg2 Rxg2+ 48. Kh3 dxc5 49. Rxa6 cxd4 50. Ra4+ Kb5 51. Rxd4 Re2 52. a4+ Ka5
53. Kg3 Rxe3+ 54. Kf4 Rh3 55. Kg5 Rg3+ 56. Kh6 Rg4 57. Kh5 Bf3 58. Rd3 Rg3+ 59.
Kh6 Be4 60. Rxg3 Kxa4 61. Re3 Kb4 62. Kg5 Kc4 63. Kf4 Kd4 64. Ra3 Kd5 65. Ra6
Bd3 66. Rh6 Be4 67. Rxh7 Ke6 68. Kg5 Bc2 69. h5 f4 70. Rh6+ Kf7 71. Kxf4 Kg7 72.
Kg5 Kg8 73. Rf6 Kg7 74. h6+ Kg8 75. Rb6 Kh7 76. Rb7+ Kh8 77. Kf6 Be4 78. Rb8+
Kh7 79. Kg5 Bd3 80. Rb7+ Kh8 81. Kf6 Be4 82. Re7 Bd3 83. Kg5 Bc2 84. Rg7 Bd3 85.
Kf6 Bf5 86. Kf7 Be6+ 87. Kf8 Bd5 88. Rg5 Kh7 89. Rxd5 Kxh6 90. Kf7 {Black
resigns} 1-0

[Event "Team 45 45 League T33"]
[Site "Internet Chess Club"]
[Date "2007.06.10"]
[Round "8"]
[White "Russ"]
[Black "WzeroMN"]
[Result "1-0"]
[WhiteElo "1263"]
[BlackElo "1202"]
[ECO "E10"]
[TimeControl "2700+45"]

1. d4 Nf6 2. c4 e6 3. Nf3 d5 4. Bg5 c5 5. e3 Be7 6. dxc5 Bxc5 7. Nc3 Bb4 8. Qc2
Be7 9. Rd1 Bb4 10. Be2 Bxc3+ 11. Qxc3 b6 12. Bxf6 gxf6 13. cxd5 exd5 14. Nd4 Bb7
15. Bb5+ Nd7 16. Nc6 Bxc6 17. Bxc6 Rc8 18. Bxd7+ Qxd7 19. Qd2 Rd8 20. O-O O-O
21. Qd4 Qe6 22. Qf4 Qe5 23. Rd4 Qxf4 24. Rxf4 Rd6 25. Rc1 Kh8 26. Rc7 a5 27. a4
Kg7 28. Rb7 Rc6 29. g3 Rfc8 30. Rd4 R8c7 31. Rxc7 Rxc7 32. Rxd5 Rc1+ 33. Kg2 Rc6
34. Rb5 Kf8 35. b4 axb4 36. Rxb4 Ke7 37. Rd4 Rd6 38. Kf3 Rxd4 39. exd4 Kd6 40.
Ke4 h6 41. f4 Kc6 42. d5+ Kd6 43. Kd4 f5 44. Kc4 f6 45. Kb5 Kxd5 46. Kxb6 Kd6
47. a5 Kd7 48. Kb7 Kd8 49. a6 {Black resigns} 1-0

[Event "Team 45 45 League T33"]
[Site "Internet Chess Club"]
[Date "2007.06.09"]
[Round "8"]
[White "seldredg"]
[Black "oldsj"]
[Result "0-1"]
[WhiteElo "1414"]
[BlackElo "1475"]
[ECO "D00"]
[TimeControl "2700+45"]

1. d4 d5 2. e3 e6 3. Bd3 g6 4. Nf3 Bg7 5. Bd2 Nf6 6. Bb4 Nbd7 7. Nbd2 b6 8. Ne5
Nxe5 9. dxe5 Nd7 10. f4 c5 11. Bc3 O-O 12. Nf3 Bb7 13. Qe2 c4 14. Bxc4 dxc4 15.
e4 Qc7 16. O-O b5 17. Bd4 Nc5 18. Nd2 Rad8 19. Bxc5 Qxc5+ 20. Kh1 Rd7 21. c3
Rfd8 22. Rad1 Qe7 23. Qf2 Bxe4 24. Rfe1 Bf5 25. h3 Bc2 26. Nxc4 Rxd1 27. Nd6
Rxe1+ 28. Qxe1 Rxd6 29. exd6 Qxd6 30. Qf2 Qd1+ 31. Kh2 a5 32. Qb6 Qd2 33. Qb8+
Bf8 34. Qe5 Bd6 35. Qf6 Bxf4+ 36. Kg1 Qe1# {White checkmated} 0-1

[Event "Team 45 45 League T33"]
[Site "Internet Chess Club"]
[Date "2007.06.09"]
[Round "8"]
[White "EyeAm"]
[Black "thalamus"]
[Result "1-0"]
[WhiteElo "1400"]
[BlackElo "1396"]
[ECO "C59"]
[TimeControl "2700+45"]

1. e4 e5 2. Nf3 Nc6 3. Bc4 Nf6 4. Ng5 d5 5. exd5 Na5 6. Bb5+ c6 7. dxc6 bxc6 8.
Be2 h6 9. Nf3 e4 10. Ne5 Bd6 11. d4 exd3 12. Nxd3 Qc7 13. h3 c5 14. Nc3 Bd7 15.
b3 Rb8 16. Ba3 O-O 17. O-O Rfe8 18. Bf3 Nb7 19. Nd5 Qd8 20. Bb2 Nxd5 21. Bxd5
Bxh3 22. Qf3 Be6 23. Bxb7 Qh4 24. Be5 Bg4 25. Qf4 g5 26. Qf6 Bxe5 27. Nxe5 Rxb7
28. Rae1 Bh5 29. Ng6 Bxg6 30. Rxe8+ Kh7 31. Qh8# {Black checkmated} 1-0

[Event "Team 45 45 League T33"]
[Site "Internet Chess Club"]
[Date "2007.06.08"]
[Round "8"]
[White "gilalva"]
[Black "IconoJett"]
[Result "1-0"]
[WhiteElo "1085"]
[BlackElo "1145"]
[ECO "C30"]
[TimeControl "2700+45"]

1. e4 e5 2. f4 d6 3. Nf3 Nc6 4. Bc4 Nf6 5. d3 d5 6. Bb5 a6 7. Bxc6+ bxc6 8. fxe5
dxe4 9. Ng5 Ng4 10. O-O f6 11. exf6 gxf6 12. Nxe4 f5 13. Bg5 Qd4+ 14. Kh1 Qxb2
15. Nbd2 h6 16. Bh4 Bg7 17. Rb1 Qe5 18. Bg3 Qe7 19. Re1 O-O 20. Nf2 Ne3 21. Qf3
Nxc2 22. Rxe7 Nd4 23. Qh5 Be6 24. Rxg7+ Kxg7 25. Be5+ Kh7 26. Bxd4 Rg8 27. Rb7
Rac8 28. Be5 Bd5 29. Qxf5+ Rg6 30. Rxc7+ Rxc7 31. Qxg6+ Kxg6 32. Bxc7 Bxa2 33.
h4 h5 34. d4 Kf6 35. Kh2 Ke6 36. Nfe4 Kd5 37. Bb6 Ke6 38. g3 Bd5 39. Nc5+ Kf5
40. Nxa6 Kg6 41. Nc7 Ba2 42. Bc5 Bg8 43. Kg2 Kf5 44. Kf2 Kg4 45. Nf3 Bd5 46.
Ne5+ Kh3 47. Nxd5 cxd5 48. Ng6 Kg4 49. Nf4 Kf5 50. Nxd5 Ke6 51. Nf4+ {Black
resigns} 1-0